 Dungeon Crawl Stone Soup version 0.25-a0-641-g189b929 (webtiles) character file.

Game seed: 10781939049663090250, levelgen mode: deterministic

505 Faels the Thaumaturge (level 7, -3/50 HPs)
             Began as a Gnoll Wanderer on Mar 20, 2020.
             Killed from afar by an orc wizard (5 damage)
             ... with a magic dart
             ... on level 4 of the Dungeon.
             The game lasted 00:17:03 (5249 turns).

Faels the Thaumaturge (Gnoll Wanderer)              Turns: 5249, Time: 00:17:04

Health: -3/50      AC:  6    Str: 15    XL:     7   Next: 18%
Magic:  18/18      EV: 11    Int: 15    God:
Gold:   101        SH:  5    Dex: 15    Spells: 11/25 levels left

rFire    + . .     SeeInvis .   i - +0 rapier
rCold    . . .     Gourm    .   b - +0 buckler
rNeg     . . .     Faith    .   h - +0 ring mail {rF+}
rPois    .         Spirit   .   m - +0 helmet
rElec    .         Reflect  .   (no cloak)
rCorr    +         Harm     .   (no gloves)
MR       .....                  (no boots)
Stlth    +.........             (no amulet)
HPRegen  0.16/turn              e - ring of resist corrosion
MPRegen  0.16/turn              v - ring of wizardry

@: no status effects
A: distributed training, fangs 1, hooves 1, low mp 1, strong nose
a: no special abilities


You were on level 4 of the Dungeon.
You were not hungry.

You visited 1 branch of the dungeon, and saw 4 of its levels.

You collected 101 gold pieces.

Inventory:

Hand Weapons
 a - a +0 club
 d - a +0 dagger
 i - a +0 rapier (weapon)
 o - a +0 broad axe
Missiles
 z - 7 javelins (quivered)
Armour
 b - a +0 buckler (worn)
 c - a +0 robe
 h - a +0 ring mail of fire resistance (worn)
 m - a +0 helmet (worn)
Jewellery
 e - a ring of resist corrosion (left hand)
 n - an uncursed amulet of harm
 v - a ring of wizardry (right hand)
Wands
 u - a wand of digging (5)
 x - a wand of flame (10)
Scrolls
 g - a scroll of noise
 j - 2 scrolls of amnesia
 p - 2 scrolls of teleportation
 q - a scroll of enchant weapon
 r - a scroll of remove curse
 y - a scroll of fear {unknown}
Potions
 l - 2 potions of flight
Comestibles
 f - 10 rations
 B - a chunk of flesh


   Skills:
 + Level 2.2 Fighting
 + Level 2.2 Short Blades
 + Level 2.2 Long Blades
 + Level 2.2 Axes
 + Level 2.2 Maces & Flails
 + Level 2.2 Polearms
 + Level 2.2 Staves
 + Level 2.2 Slings
 + Level 2.2 Bows
 + Level 2.2 Crossbows
 + Level 3.4 Throwing
 + Level 2.2 Armour
 + Level 2.2 Dodging
 + Level 2.2 Stealth
 + Level 3.4 Shields
 + Level 2.2 Unarmed Combat
 + Level 9.5 Spellcasting
 + Level 1.8 Conjurations
 + Level 2.8 Hexes
 + Level 1.8 Charms
 + Level 1.8 Summonings
 + Level 1.8 Necromancy
 + Level 1.8 Translocations
 + Level 2.8 Transmutations
 + Level 1.8 Fire Magic
 + Level 1.8 Ice Magic
 + Level 2.8 Air Magic
 + Level 2.8 Earth Magic
 + Level 1.8 Poison Magic
 + Level 2.5 Invocations
 + Level 2.2 Evocations


You had 11 spell levels left.
You knew the following spells:

 Your Spells              Type           Power        Failure   Level  Hunger
a - Magic Dart            Conj           ##..         4%          1    None
b - Slow                  Hex            ###.....     4%          2    None
c - Blink                 Tloc           N/A          6%          2    None
d - Call Imp              Summ           ##......     6%          2    None
e - Mephitic Cloud        Conj/Pois/Air  ##......     11%         3    #......
f - Animate Dead          Necr           N/A          34%         4    ###....

Your spell library contained the following spells:

 Spells                   Type           Power        Failure   Level  Hunger
 Animate Skeleton         Necr           N/A          4%          1    None
 Pain                     Necr           ##..         4%          1    None
 Conjure Flame            Conj/Fire      ##......     12%         3    #......
 Vampiric Draining        Necr           ##........   12%         3    #......
 Agony                    Necr           ##......     69%         5    #####..


Dungeon Overview and Level Annotations

Branches:
Dungeon (4/15)
 Temple: D:4-7

Altars:
Ashenzari


Innate Abilities, Weirdness & Mutations

Your experience applies equally to all skills.
You have very sharp teeth.
Your uncanny sense of smell can sniff out nearby items.
You have large cloven feet.
Your magical capacity is low. (-10% MP)


Message History

It was a potion of mutation.
You feel extremely strange.
You feel less energetic.
Your feet thicken and deform.
The orc wizard casts a spell at you. The magic dart hits you.
* * * LOW HITPOINT WARNING * * *
The orc hits you but does no damage. You block the orc's attack.
Unknown command.
As you read the scroll labeled SICIETIOVI, it crumbles to dust.
The dust glows gleaming magenta!
It was a scroll of random uselessness.
The orc misses you. The orc barely misses you. x2
The orc wizard casts a spell at you. You resist with some effort.
As you read the scroll labeled YNEUKK OTEOWN, it crumbles to dust.
You feel as if something is helping you.
It was a scroll of remove curse.
The orc barely misses you. x3
As you read the scroll labeled PARGHA ZUOPO, it crumbles to dust.
The scroll dissolves into smoke.
It was a scroll of fog.
The orc wizard points at you and mumbles some strange words.
The magic dart hits you.
You die...

...........#.....# ........#.....
.............##### ..#######.....
......######.....#####...........
......# #.....................
......# #.....................
......# #.......o.............
......# #.....................
......# #...o§§...............
......# #...§@§...............
......# #...oo§...............
......# #.....########+#######
......# #.....# ......# #.....#
......# #...... ......# #......
...#### (..#### ...#


You could see an orc wizard and 3 orcs.

Vanquished Creatures
  A howler monkey (D:4)
  3 orc wizards
  2 orc priests (D:4)
  Terence (D:2)
  2 worker ants
  Natasha (thrice) (D:3)
  A hound skeleton (D:4)
  Robin (D:2)
  3 adders
  An ooze (D:1)
  An adder skeleton (D:4)
  2 worms
  2 dart slugs
  2 leopard geckos
  14 orcs
  8 bats
  3 giant cockroaches
  11 goblins
  4 hobgoblins
  7 jackals
  A quokka (D:2)
  A ball python (D:1)
  5 frilled lizards
  9 kobolds
  A leopard gecko skeleton (D:4)
  A quokka skeleton (D:4)
  7 rats
97 creatures vanquished.

Vanquished Creatures (collateral kills)
  3 adders
  A worm (D:2)
  A dart slug (D:2)
  An orc (D:4)
  5 goblins (D:2)
  2 hobgoblins (D:2)
  A jackal (D:2)
  A kobold (D:3)
  A rat (D:2)
16 creatures vanquished.

Grand Total: 113 creatures vanquished

Notes
Turn   | Place    | Note
-------+----------+-------------------------------------------
     0 | D:1      | Reached skill level 9 in Spellcasting
     0 | D:1      | Faels the Gnoll Wanderer began the quest for the Orb.
     0 | D:1      | Faels set off with the following items: a +0 club, a +0
                  | buckler, a +0 robe, a ration; and the following spell
                  | memorised: Magic Dart; and the following spells available
                  | to memorise: Slow, Blink, Call Imp, Mephitic Cloud, Conjure
                  | Flame
     0 | D:1      | Reached XP level 1. HP: 13/13 MP: 10/10
   223 | D:1      | Reached XP level 2. HP: 17/19 MP: 10/12
   400 | D:1      | Learned a level 2 spell: Slow
   403 | D:1      | Learned a level 2 spell: Blink
   406 | D:1      | Learned a level 2 spell: Call Imp
   665 | D:1      | Reached XP level 3. HP: 25/25 MP: 13/13
   682 | D:1      | You fall into a shaft and drop 1 floor!
   701 | D:2      | Reached skill level 1 in Invocations
  1104 | D:2      | Reached skill level 1 in Fighting
  1104 | D:2      | Reached skill level 1 in Short Blades
  1104 | D:2      | Reached skill level 1 in Long Blades
  1104 | D:2      | Reached skill level 1 in Axes
  1104 | D:2      | Reached skill level 1 in Maces & Flails
  1104 | D:2      | Reached skill level 1 in Polearms
  1104 | D:2      | Reached skill level 1 in Staves
  1104 | D:2      | Reached skill level 1 in Slings
  1104 | D:2      | Reached skill level 1 in Bows
  1104 | D:2      | Reached skill level 1 in Crossbows
  1104 | D:2      | Reached skill level 1 in Armour
  1104 | D:2      | Reached skill level 1 in Dodging
  1104 | D:2      | Reached skill level 1 in Stealth
  1104 | D:2      | Reached skill level 1 in Unarmed Combat
  1104 | D:2      | Reached skill level 1 in Evocations
  1104 | D:2      | Reached XP level 4. HP: 29/32 MP: 8/15
  1355 | D:2      | Noticed Robin
  1401 | D:2      | Killed Robin
  1723 | D:2      | Reached skill level 1 in Conjurations
  1723 | D:2      | Reached skill level 1 in Charms
  1723 | D:2      | Reached skill level 1 in Summonings
  1723 | D:2      | Reached skill level 1 in Necromancy
  1723 | D:2      | Reached skill level 1 in Translocations
  1723 | D:2      | Reached skill level 1 in Fire Magic
  1723 | D:2      | Reached skill level 1 in Ice Magic
  1723 | D:2      | Reached skill level 1 in Poison Magic
  2133 | D:2      | Noticed Terence
  2141 | D:2      | Reached XP level 5. HP: 29/37 MP: 11/16
  2146 | D:2      | Killed Terence
  2657 | D:3      | Found a shattered altar of Ashenzari.
  2865 | D:3      | Learned a level 3 spell: Mephitic Cloud
  3257 | D:3      | Noticed Natasha
  3266 | D:3      | Killed Natasha
  3490 | D:3      | Noticed Natasha
  3499 | D:3      | Killed Natasha
  3758 | D:3      | Noticed Natasha
  3766 | D:3      | Killed Natasha
  3766 | D:3      | Reached XP level 6. HP: 41/44 MP: 10/18
  3938 | D:3      | HP: 2/44 [orc wizard/+0 dagger (1)]
  4450 | D:4      | Reached XP level 7. HP: 39/50 MP: 16/20
  4678 | D:4      | Learned a level 4 spell: Animate Dead
  5246 | D:4      | Gained mutation: Your magical capacity is low. (-10% MP)
                  | [potion of mutation]
  5246 | D:4      | Gained mutation: You have large cloven feet. [potion of
                  | mutation]
  5246 | D:4      | HP: 1/50 [orc wizard/magic dart (2)]
  5249 | D:4      | Killed from afar by an orc wizard

Levels and vault maps discovered:
D:1:      ncdulo_wetmaze, layout_loops_ring, minmay_distorted
D:2:      minmay_angry_zag, layout_loops_cross, uniq_terence, uniq_robin
D:3:      layout_loops_corners, ashenzari_altar_1, uniq_natasha
D:4:      layout_gridville

Skill      XL: |  1  2  3  4  5  6 |
---------------+-------------------+-----
Spellcasting   | |  9.5
Hexes          | 2 |  2.8
Transmutations | 2 |  2.8
Air Magic      | 2 |  2.8
Earth Magic    | 2 |  2.8
Invocations    | 1 2 |  2.5
Fighting       | 1 2 |  2.2
Short Blades   | 1 2 |  2.2
Long Blades    | 1 2 |  2.2
Axes           | 1 2 |  2.2
Maces & Flails | 1 2 |  2.2
Polearms       | 1 2 |  2.2
Staves         | 1 2 |  2.2
Slings         | 1 2 |  2.2
Bows           | 1 2 |  2.2
Crossbows      | 1 2 |  2.2
Armour         | 1 2 |  2.2
Dodging        | 1 2 |  2.2
Stealth        | 1 2 |  2.2
Unarmed Combat | 1 2 |  2.2
Evocations     | 1 2 |  2.2
Conjurations   | 1 |  1.8
Charms         | 1 |  1.8
Summonings     | 1 |  1.8
Necromancy     | 1 |  1.8
Translocations | 1 |  1.8
Fire Magic     | 1 |  1.8
Ice Magic      | 1 |  1.8
Poison Magic   | 1 |  1.8
Throwing       | 3 |  3.4
Shields        | 3 |  3.4

Action                   |  1- 3 |  4- 6 |  7- 9 || total
-------------------------+-------+-------+-------++-------
Melee: Club              |    19 |       |       ||    19
       Bite              |     5 |    25 |     7 ||    37
       Dagger            |    32 |       |       ||    32
       Rapier            |     3 |   180 |    70 ||   253
Throw: Javelin           |       |       |     3 ||     3
 Cast: Magic Dart        |    44 |    15 |     2 ||    61
       Call Imp          |     3 |    21 |       ||    24
       Slow              |       |     3 |       ||     3
       Mephitic Cloud    |       |     9 |       ||     9
       Animate Dead      |       |       |     2 ||     2
  Use: Scroll            |       |     7 |     4 ||    11
       Potion            |       |     1 |     3 ||     4
 Stab: Distracted        |     1 |     1 |       ||     2
       Sleeping          |       |     5 |       ||     5
       Confused          |       |     2 |       ||     2
  Eat: Chunk             |       |    11 |     3 ||    14
Armor: Robe              |    21 |    34 |    10 ||    65
       Ring mail         |       |       |    17 ||    17
Dodge: Dodged            |    59 |   112 |    75 ||   246
Block: Buckler           |    19 |    65 |    28 ||   112

Table legend:
 A = Non-vault XP
 B = Vault XP
 C = Vault XP percentage of total XP
 D = Non-vault monster count
 E = Vault monster count
 F = Vault count percentage of total count
                 A         B        C        D         E       F
            +---------+---------+-------+---------+---------+-------
      Total |     628 |      94 |  13.0 |      93 |      20 |  17.7
            +---------+---------+-------+---------+---------+-------
        D:1 |      34 |       1 |   2.9 |      20 |       1 |   4.8
        D:2 |     107 |      60 |  35.9 |      26 |      18 |  40.9
        D:3 |     152 |      33 |  17.8 |      19 |       1 |   5.0
        D:4 |     335 |       0 |   0.0 |      28 |       0 |   0.0
            +---------+---------+-------+---------+---------+-------
